 Dungeon Crawl Stone Soup version 0.16-a0-2581-g6f3a107 (webtiles) character file.

791 stonewall the Cudgeler (level 7, -3/55 HPs)
             Began as a Mummy Arcane Marksman on Nov 21, 2014.
             Was an Initiate of Yredelemnul.
             Slain by a centaur (8 damage)
             ... on level 5 of the Dungeon.
             The game lasted 00:07:03 (3926 turns).

stonewall the Cudgeler (Mummy Arcane Marksman)      Turns: 3926, Time: 00:07:04

Health: -3/55      AC:  8    Str: 16    XL:     7   Next: 57%
Magic:  9/9        EV:  9    Int: 12    God:    Yredelemnul [......]
Gold:   253        SH:  0    Dex: 11    Spells: 1 memorised, 7 levels left

rFire  x . .     SeeInvis .     v - +0 dagger (elec)
rCold  + + .     Clarity  .     p - +0 ring mail {MR+}
rNeg   + + +     SustAb   .     (no shield)
rPois  +         Gourm    .     q - +2 helmet
rElec  .         Spirit   .     (no cloak)
rCorr  .         Warding  .     (no gloves)
rMut   .         Stasis   .     (no boots)
MR     +....                    (no amulet)
Stlth  +.........               (no ring)
                                s - ring of protection from cold

@: somewhat resistant to hostile enchantments, very unstealthy
A: no food or potions, fire vulnerability, restore body, cold resistance 1,
negative energy resistance 3, poison resistance, torment resistance, unbreathing
a: Renounce Religion


You were on level 5 of the Dungeon.
You worshipped Yredelemnul.
Yredelemnul was noncommittal.
You were not hungry.

You visited 1 branch of the dungeon, and saw 5 of its levels.

You collected 253 gold pieces.

Inventory:

Hand weapons
 a - a +4 hunting sling
 b - a +0 vampiric whip
 k - a +0 spear
 r - a +0 hunting sling
 v - a +0 dagger of electrocution (weapon)
Missiles
 c - 51 sling bullets
 e - 106 stones (quivered)
Armour
 l - a +0 robe
 p - a +0 ring mail of magic resistance (worn)
 q - a +2 helmet (worn)
Jewellery
 s - a ring of protection from cold (left hand)
Scrolls
 g - a scroll of random uselessness
 h - 4 scrolls of identify
 i - a scroll of immolation
 j - 3 scrolls of magic mapping {unknown}
 m - 4 scrolls of remove curse
 n - a scroll of enchant weapon {unknown}
 t - a scroll of amnesia {unknown}
 u - a scroll of fear {unknown}
Books
 d - a book of Debilitation

   Spells                             Type                      Level
   *Corona                            Hexes                        1
   Slow                               Hexes                        2
   Inner Flame                        Hexes/Fire                   3
   Enslavement                        Hexes                        4
   Cause Fear                         Hexes                        4
   Leda's Liquefaction                Hexes/Earth                  4


   Skills:
 - Level 4.7 Fighting
 + Level 1.2 Short Blades
 - Level 5.0 Maces & Flails
 - Level 2.1 Slings
 - Level 1.7 Dodging
 - Level 1.0 Spellcasting
 - Level 3.1 Hexes


You had 7 spell levels left.
You knew the following spells:

 Your Spells              Type           Power        Failure   Level  Hunger
a - Corona                Hex            #......      12%         1    N/A

Dungeon Overview and Level Annotations

Branches:
Dungeon (5/15)
 Temple: D:4-7

Altars:
Dithmenos
Kikubaaqudgha
Nemelex Xobeh
Yredelemnul

Shops:
D:5 (

Annotations:
D:4 exclusion: downstairs
D:5 Pikel


Innate Abilities, Weirdness & Mutations

You do not eat or drink.
Your flesh is vulnerable to fire.
Your flesh is cold resistant.
You are immune to negative energy.
Your system is resistant to poisons.
You are immune to unholy pain and torment.
You can survive without breathing.


Message History

The worker ant bites you but does no damage.
You hit the orc wizard.
The orc wizard is lightly wounded.
The orc wizard hits you but does no damage.
The worker ant bites you.
* * * LOW HITPOINT WARNING * * *
The worker ant bites you but does no damage.
The orc wizard hits you but does no damage.
The worker ant bites you but does no damage.
The orc wizard hits you with a dagger.
* * * LOW HITPOINT WARNING * * *
The orc wizard casts a spell.
The orc wizard blinks!
The orc wizard barely misses you.
The worker ant bites you but does no damage.
The orc wizard casts a spell at you. You resist with almost no effort.
The centaur unwields an uncursed shortbow.
The centaur hits you!
You die...
Yredelemnul claims you as an undead slave.

.....§.s##.##....os#
....§§§.##. #......####
####.##....##.....#...#
#s###..........#...#
#.####.#.###..##s..#
#.##.._..# #..##o..# .
#%##.#.#####..##...#
.###.##§.....##co##o..#
......§§s§#.....@a.g..#
...>..§§..........#a..#
.#...##§#...>.>...#...#
....<.....#.......#..##
.......####.........##
......## ...#..##.##
........ #.... #.#
....#.... #..# #.#
....###### .


You could see a centaur, 2 worker ants, an orc wizard, 2 orcs and a goblin.

Vanquished Creatures
  Grinder (D:4)
  An ogre (D:3)
  The ghost of RobertPalmer the Poker, an average OpGl (D:3)
  A scorpion (D:5)
  A crimson imp (D:4)
  A hound (D:4)
  A jelly (D:4)
  An orc priest (D:3)
  4 orc wizards
  A worker ant (D:4)
  4 adders
  2 worms
  A giant mite (D:1)
  2 oozes
  5 orcs
  A ball python (D:5)
  A bat skeleton (D:4)
  2 giant cockroaches (D:2)
  11 hobgoblins
  9 jackals
  8 kobolds
  3 quokkas
  8 bats
  A giant gecko (D:5)
  3 giant newts
  13 goblins
  11 rats
98 creatures vanquished.

Notes
Turn   | Place    | Note
--------------------------------------------------------------
     0 | D:1      | stonewall, the Mummy Arcane Marksman, began the quest for the Orb.
     0 | D:1      | Reached XP level 1. HP: 15/15 MP: 2/2
   142 | D:1      | Reached skill level 3 in Hexes
   142 | D:1      | Reached XP level 2. HP: 21/21 MP: 3/3
   409 | D:1      | Found a sparkling altar of Nemelex Xobeh.
   450 | D:1      | Reached XP level 3. HP: 27/27 MP: 4/4
  1010 | D:2      | Reached XP level 4. HP: 33/35 MP: 5/5
  1576 | D:3      | Reached skill level 4 in Fighting
  1580 | D:3      | Reached XP level 5. HP: 39/42 MP: 7/7
  1753 | D:3      | Noticed RobertPalmer's ghost (average OpGl)
  2010 | D:3      | Found a shadowy altar of Dithmenos.
  2182 | D:3      | Killed RobertPalmer's ghost
  2182 | D:3      | Reached skill level 1 in Maces & Flails
  2338 | D:4      | Found a basalt altar of Yredelemnul.
  2346 | D:4      | Became a worshipper of Yredelemnul the Dark
  2351 | D:4      | Noticed Grinder
  2368 | D:4      | Killed Grinder
  2368 | D:4      | Reached XP level 6. HP: 44/49 MP: 8/8
  2620 | D:4      | Reached XP level 7. HP: 55/55 MP: 9/9
  2845 | D:4      | Noticed an ogre
  2984 | D:3      | Killed an ogre
  3171 | D:4      | Reached skill level 5 in Maces & Flails
  3686 | D:5      | Entered Level 5 of the Dungeon
  3686 | D:5      | Noticed Pikel
  3712 | D:5      | Found an ancient bone altar of Kikubaaqudgha.
  3757 | D:5      | Reached skill level 1 in Short Blades
  3900 | D:5      | Found Jeplid's Antique Weapon Shop.
  3926 | D:5      | Slain by a centaur

Action                   |  1- 3 |  4- 6 |  7- 9 || total
-------------------------+-------+-------+-------++-------
Melee: Spear             |     3 |       |       ||     3
       Whip              |       |    22 |       ||    22
       Dagger            |       |       |    34 ||    34
 Fire: Hunting sling     |   125 |   107 |    55 ||   287
  Use: Scroll            |     3 |       |     4 ||     7
